 Dungeon Crawl Stone Soup version 0.18-a0-965-g9200175 (webtiles) character file.

55 Ishamoridin the Gusty (level 3, -2/19 HPs)
             Began as a Tengu Air Elementalist on Jan 1, 2016.
             Slain by a worm (4 damage)
             ... on level 2 of the Dungeon.
             The game lasted 00:13:02 (4778 turns).

Ishamoridin the Gusty (Tengu Air Elementalist)      Turns: 4778, Time: 00:13:02

Health: -2/19      AC:  4    Str:  8    XL:     3   Next: 93%
Magic:  0/7        EV: 13    Int: 16    God:
Gold:   52         SH:  0    Dex: 14    Spells: 3 memorised, 1 level left

rFire  . . .     SeeInvis .     e - +0 dagger
rCold  . . .     Gourm    .     a - +1 robe
rNeg   . . .     Faith    .     (no shield)
rPois  .         Spirit   .     (helmet restricted)
rElec  .         Dismiss  .     (no cloak)
rCorr  .         Reflect  .     (no gloves)
SustAt .         Harm     .     (boots unavailable)
MR     .....                    (no amulet)
Stlth  ++........               (no ring)
                                (no ring)

@: very slightly contaminated, not resistant to hostile enchantments, unstealthy
A: beak, talons 3, icy blue scales 1, blink, wild magic 1
a: Blink


You were on level 2 of the Dungeon.
You were near starving.

You visited 1 branch of the dungeon, and saw 2 of its levels.

You collected 52 gold pieces.

Inventory:

Hand Weapons
 c - a +0 dagger
 e - a +0 dagger (weapon)
 k - a +0 club
Armour
 a - a +1 robe (worn)
Potions
 d - a potion of curing
Books
 b - a book of Air

   Spells                             Type                      Level
   a - Shock                          Conjuration/Air              1
   b - Swiftness                      Charms/Air                   2
   c - Repel Missiles                 Charms/Air                   2
   d - Static Discharge               Conjuration/Air              3
   e - Lightning Bolt                 Conjuration/Air              5


   Skills:
 - Level 0.2 Fighting
 + Level 2.7 Dodging
 + Level 2.3 Stealth
 - Level 2.5 Spellcasting
 - Level 1.7 Conjurations
 * Level 5.0 Air Magic


You had one spell level left.
You knew the following spells:

 Your Spells              Type           Power        Failure   Level  Hunger
a - Shock                 Conj/Air       ###.         16%         1    #......
b - Static Discharge      Conj/Air       ###.....     30%         3    ###....
c - Swiftness             Chrm/Air       ###.....     22%         2    ##.....


Dungeon Overview and Level Annotations

Branches:
Dungeon (2/15)

Altars:


Innate Abilities, Weirdness & Mutations

You have a beak for a mouth.
You have claws for feet.
You are partially covered in icy blue scales (AC +1).
You can translocate small distances at will.
Your spells are a little harder to cast, but a little more powerful.


Message History

Nothing appears to happen.
The worm barely misses you. The worm bites you!
* * * LOW HITPOINT WARNING * * *
You hit the worm. You claw the worm.
The worm is severely wounded.
The worm barely misses you.
Read which item? (? for menu, Esc to quit)
Okay, then.
Drink which item? (? for menu, Esc to quit)
It was a potion of mutation.
You feel extremely strange.
You feel jittery.
You feel less in control of your magic.
Icy blue scales grow over part of your body.
You hit the worm.
The worm is severely wounded.
The worm bites you but does no damage.
You barely miss the worm. You claw the worm, but do no damage.
The worm is heavily wounded.
The worm bites you.
You die...

.. ... #.
.#†..#
#.##.#...##
#.#........
#.#..#...
#...... #
#..†w# ..
#..@.# .#
#....##..##
#..........
##...##>###
#...# ##
#...#.$..
######......#
#.......#..##
#.#####...>...
..


You could see a worm.

Vanquished Creatures
  An adder (D:2)
  2 worms (D:2)
  6 bats
  4 giant cockroaches
  7 goblins (D:1)
  5 hobgoblins (D:1)
  A ball python (D:2)
  4 giant newts (D:1)
  6 kobolds
  3 rats (D:1)
39 creatures vanquished.

Notes
Turn   | Place    | Note
--------------------------------------------------------------
     0 | D:1      | Ishamoridin the Tengu Air Elementalist began the quest for the Orb.
     0 | D:1      | Reached XP level 1. HP: 10/10 MP: 4/4
   275 | D:1      | Reached XP level 2. HP: 7/15 MP: 0/6
  3149 | D:1      | Reached XP level 3. HP: 19/19 MP: 5/7
  4552 | D:2      | Learned a level 3 spell: Static Discharge
  4555 | D:2      | Learned a level 2 spell: Swiftness
  4761 | D:2      | Reached skill level 5 in Air Magic
  4776 | D:2      | Gained mutation: You can translocate small distances at will. [potion of mutation]
  4776 | D:2      | Gained mutation: Your spells are a little harder to cast, but a little more powerful. [potion of mutation]
  4776 | D:2      | Gained mutation: You are partially covered in icy blue scales (AC +1). [potion of mutation]
  4778 | D:2      | Slain by a worm

Vault maps used:
D:1:      dpeg_arrival_line_fractal
D:2:      lemuel_coloured_pillars_altar

Action                   || total
-------------------------++-------
Melee: Dagger            ||    37
Throw: Throwing net      ||     1
 Cast: Shock             ||    71
       Static Discharge  ||     2
       Swiftness         ||     1
  Use: Scroll            ||     3
       Potion            ||     1
  Eat: Meat ration       ||     1
       Royal jelly       ||     1
       Bread ration      ||     1
